 Dungeon Crawl Stone Soup version 0.32-a0-86-g8db1b9f803 (webtiles) character file.

Game seed: 9142029142739563912

329 zenocrate the Covert (level 6, 32/32 HPs)
             Began as a Felid Delver on Feb 5, 2024.
             Quit the game on level 3 of the Dungeon.
             The game lasted 00:04:03 (2205 turns).

zenocrate the Covert (Felid Delver)                 Turns: 2205, Time: 00:04:03

Health: 32/32      AC:  4    Str:  6    XL:     6   Next: 25%
Magic:  7/7        EV: 19    Int: 19    God:
Gold:   127        SH:  0    Dex: 18    Spells: 5/5 levels left
                                        Lives:  2   Deaths: 0

rFire   . .          .
                       - Unarmed
rCold   . . .        (shield unavailable)
rNeg    . . .        (body armour unavailable)
rPois   .            (helmet unavailable)
rElec   .            (cloak unavailable)
rCorr   .            (gloves unavailable)
SInv    +            (boots unavailable)
Will    .....        (no amulet)
Stlth   ++++         l - +6 ring of intelligence
HPRegen 0.25/turn    (no ring)
MPRegen 0.10/turn

%: no passive effects
@: no status effects
A: very small, claws 1, fangs 3, see invisible, shaggy fur 2, stealthy paws, no
weapons or thrown items, no armour, multi-lived, iridescent scales 1, clumsy 1,
weak 1
a: no special abilities


You were on level 3 of the Dungeon.
You visited 1 branch of the dungeon, and saw 5 of its levels.

You collected 127 gold pieces.

Inventory:

Jewellery
 l - a +6 ring of intelligence (left paw)
 m - a ring of fire
Wands
 e - a wand of digging (2)
Scrolls
 a - a scroll of fog
 b - 4 scrolls of revelation
 f - 2 scrolls of teleportation
 g - a scroll of noise {unknown}
 h - 2 scrolls of vulnerability {unknown}
 i - 2 scrolls of identify {unknown}
 k - a scroll of poison {unknown}
Potions
 c - a potion of resistance {unknown}
 d - 2 potions of haste


   Skills:
 - Level 3.0 Fighting
 + Level 5.0 Dodging
 * Level 8.2 Stealth
 + Level 3.7 Unarmed Combat
 - Level 3.0 Evocations


You had 5 spell levels left.
You didn't know any spells.
Your spell library contained the following spells:

 Spells                   Type           Power      Damage    Failure   Level
 Necrotise                Necr           0%         1d4       21%         1
 Lesser Beckoning         Tloc           0%         N/A       30%         2
 Mercury Vapours          Alch/Air       0%         N/A       30%         2
 Gell's Gravitas          Tloc           0%         N/A       52%         3
 Mephitic Cloud           Conj/Alch/Air  0%         N/A       52%         3
 Teleport Other           Tloc           0%         N/A       52%         3
 Vampiric Draining        Necr           0%         2d6       52%         3
 Martyr's Knell           Necr/Summ      0%         N/A       90%         4
 Curse of Agony           Necr           0%         N/A       99%         5
 Freezing Cloud           Conj/Ice/Air   0%         6-21      99%         5


Dungeon Overview and Level Annotations

Branches:
Dungeon (5/15)
 Temple: D:4-7

Altars:
Dithmenos
Vehumet
Xom


Innate Abilities, Weirdness & Mutations

You have sharp claws.
You have razor-sharp teeth.
You have supernaturally acute eyesight. (SInv)
You are covered in thick fur. (AC +2)
Your paws help you pounce on unaware monsters.
You are incapable of wielding weapons or throwing items.
You cannot wear armour.
You gain extra lives every three experience levels.
You are partially covered in iridescent scales. (AC +2)
You are clumsy. (Dex -2)
You are weak. (Str -2)


Message History

You have reached level 6!
Your fur grows into a thick mane.
Okay, then.
Okay, then.
Okay, then.
You feel extremely strange.
Your magical essence no longer links to wands of the dungeon.
You recover from draining at a normal speed again.
Your skin warms up.
You feel weaker.
Okay, then.
Your extra speed is starting to run out.
You feel yourself slow down.
HP restored.
c - a fuming inky potion No target in view!
Found a shadowy altar of Dithmenos.
A frilled lizard comes into view.
Found 7 gold pieces.
The helpless frilled lizard fails to defend itself.
You eviscerate the frilled lizard!!!
You kill the frilled lizard!
No target in view!
Found an escape hatch in the ceiling.
No target in view!
Found a leather armour.
No target in view!
You now have 127 gold pieces (gained 7).
Found a flail.
No target in view!
No target in view!
An endoplasm comes into view.
An endoplasm is nearby!
An endoplasm is nearby!
You see here 11 gold pieces.
An endoplasm is nearby!
The helpless endoplasm fails to defend itself.
You eviscerate the endoplasm!!!
You kill the endoplasm!
No target in view!
Are you sure you want to abandon this character and quit the game? (Confirm with "yes".)

####....#..###
.#.....## ....
...##..###..##.
#..###..#..###.
#...##.....##..###
.................#
..##.........# ..##
. ##..._...####..#
..##.........##.@.#
..................#
....##.....##.....#
...###..#..###.$.##
...##..###..##...#
.......###.......#
........#........#
.................#
.............)...#


There were no monsters in sight!

Vanquished Creatures
  Grinder (D:3)
  A bombardier beetle (D:3)
  2 dart slugs (D:1)
  3 ribbon worms
  4 orcs (D:2)
  6 ball pythons
  7 bats
  10 endoplasms
  3 giant cockroaches
  6 goblins
  2 hobgoblins
  9 jackals
  4 quokkas
  7 frilled lizards
  7 kobolds
  3 rats
75 creatures vanquished.

Notes
Turn   | Place    | Note
-------+----------+-------------------------------------------
     0 | D:5      | zenocrate the Felid Delver began the quest for the Orb.
     0 | D:5      | Reached XP level 1. HP: 12/12 MP: 2/2
    78 | D:4      | Noticed a bullfrog
    94 | D:3      | Found a radiant altar of Vehumet.
   193 | D:2      | Found a shimmering altar of Xom.
   281 | D:2      | Reached XP level 2. HP: 14/16 MP: 3/3
   509 | D:2      | Reached skill level 7 in Stealth
   579 | D:2      | Reached XP level 3. HP: 16/20 MP: 4/4
   726 | D:2      | Reached skill level 1 in Evocations
   788 | D:2      | Gained mutation: You have hidden genetic defects. [potion
                  | of mutation]
   788 | D:2      | Gained mutation: You expend magic power (3 MP) to
                  | strengthen your wands. [potion of mutation]
   788 | D:2      | Gained mutation: You are partially covered in iridescent
                  | scales. (AC +2) [potion of mutation]
   788 | D:2      | Gained mutation: A frigid envelope surrounds you and
                  | freezes all who hurt you. [potion of mutation]
   989 | D:1      | Gained mutation: Your health recovers twice as slowly from
                  | being drained. [hidden defects]
  1101 | D:1      | Gained mutation: You are clumsy. (Dex -2) [hidden defects]
  1101 | D:1      | Lost mutation: You have hidden genetic defects. [hidden
                  | defects expressed]
  1207 | D:1      | Reached XP level 4. HP: 22/24 MP: 5/5
  1207 | D:1      | Gained a life (2 lives remaining)
  1639 | D:3      | Noticed Grinder
  1912 | D:3      | HP: 1/24 [Grinder (4)]
  2055 | D:3      | Killed Grinder
  2056 | D:3      | Reached skill level 5 in Dodging
  2056 | D:3      | Reached skill level 8 in Stealth
  2056 | D:3      | Reached XP level 5. HP: 8/28 MP: 6/6
  2056 | D:3      | Gained mutation: You are covered in thick fur. (AC +2)
                  | [Felid growth]
  2056 | D:3      | Reached XP level 6. HP: 9/32 MP: 7/7
  2056 | D:3      | Lost mutation: You expend magic power (3 MP) to strengthen
                  | your wands. [potion of mutation]
  2056 | D:3      | Lost mutation: Your health recovers twice as slowly from
                  | being drained. [potion of mutation]
  2056 | D:3      | Lost mutation: A frigid envelope surrounds you and freezes
                  | all who hurt you. [potion of mutation]
  2056 | D:3      | Gained mutation: You are weak. (Str -2) [potion of
                  | mutation]
  2174 | D:3      | Found a shadowy altar of Dithmenos.
  2205 | D:3      | Quit the game

Illustrated notes

Levels and vault maps discovered:
D:1:      amcnicky_arrival_underground_garden, layout_basic
D:2:      layout_basic, basic_altar
D:3:      layout_rooms, nicolae_overflow_hidden_temple,
          nicolae_dithmenos_shadow_blocks, minmay_misc_feat_roman, uniq_grinder
D:4:      layout_basic
D:5:      layout_basic, wad_floor_pattern_untrapped, kennysheep_cluttered_room,
          uniq_eustachio

Skill      XL: |  1  2  3  4 |
---------------+-------------+-----
Dodging        | 3 5 |  5.0
Stealth        | 7 8 |  8.2
Evocations     | 1 3 |  3.0
Unarmed Combat | 3 |  3.7
Fighting       | |  3.0

Action                     |  1- 3 |  4- 6 || total
---------------------------+-------+-------++-------
  Melee: Unarmed           |   127 |    62 ||   189
         Bite              |    17 |     5 ||    22
         Punch             |       |     7 ||     7
  Evoke: Wand              |     1 |       ||     1
    Use: Potion            |     1 |     3 ||     4
         Scroll            |       |     2 ||     2
   Stab: Sleeping          |    13 |     3 ||    16
 Armour: Skin              |    56 |    18 ||    74
  Dodge: Dodged            |   142 |    49 ||   191

Table legend: (Time is in decaauts)
 A = Elapsed time spent in this place.
 B = Non-inter-level travel time spent in this place.
 C = Inter-level travel time spent in this place.
 D = Time resting spent in this place.
 E = Time spent auto-exploring this place.
 F = Levels seen in this place.
 G = Mean time per level.
                   A        B        C        D        E       F      G
               +--------+--------+--------+--------+--------+-----+--------+
         Total |   2163 |   1955 |    208 |     79 |   1289 |   5 |  432.6 |
       Dungeon |   2163 |   1955 |    208 |     79 |   1289 |   5 |  432.6 |
               +--------+--------+--------+--------+--------+-----+--------+

Top non-repeatable levels by time:
     D:2: 1065 daAuts
     D:1: 623 daAuts
     D:3: 382 daAuts
     D:5: 56 daAuts
     D:4: 37 daAuts
